 Dungeon Crawl Stone Soup version 0.26-a0-540-g8a0c9464d7 (webtiles) character file.

Game seed: 4028295655110638278

2093 vurker the Chiller (level 8, -1/66 HPs)
             Began as a Demigod Ice Elementalist on Aug 22, 2020.
             Slain by a hornet zombie (13 damage)
             ... on level 7 of the Dungeon.
             The game lasted 00:11:44 (9729 turns).

vurker the Chiller (Demigod Ice Elementalist)       Turns: 9729, Time: 00:11:45

Health: -1/66      AC:  5    Str: 11    XL:     8   Next: 79%
Magic:  16/20      EV: 12    Int: 23    God:
Gold:   481        SH:  0    Dex: 16    Spells: 6/18 levels left

rFire    . . .     SeeInvis .   p - +0 whip (flame)
rCold    . . .     Faith    .   (no shield)
rNeg     + . .     Spirit   .   a - +0 robe
rPois    .         Reflect  .   q - +0 helmet
rElec    .         Harm     .   l - +1 cloak
rCorr    .                      (no gloves)
MR       +....                  (no boots)
Stlth    ++........             (no amulet)
HPRegen  0.21/turn              j - ring of protection from magic
MPRegen  0.17/turn              b - ring of positive energy

@: no status effects
A: high mp 1
a: no special abilities


You were on level 7 of the Dungeon.
You visited 1 branch of the dungeon, and saw 7 of its levels.

You collected 481 gold pieces.

Inventory:

Hand Weapons
 f - a +0 short sword
   (You took it off a kobold on level 1 of the Dungeon)
 p - a +0 whip of flaming (weapon)
   (You took it off Pikel on level 5 of the Dungeon)
Armour
 a - a +0 robe (worn)
 l - a +1 cloak (worn)
   (You took it off Crazy Yiuf on level 3 of the Dungeon)
 q - a +0 helmet (worn)
   (You found it on level 5 of the Dungeon)
Jewellery
 b - a ring of positive energy (right hand)
   (You found it on level 4 of the Dungeon)
 j - a ring of protection from magic (left hand)
   (You found it on level 3 of the Dungeon)
 m - an uncursed amulet of guardian spirit {unknown}
   (You found it on level 7 of the Dungeon)
Scrolls
 d - 3 scrolls of enchant weapon
 e - a scroll of enchant armour
 h - 5 scrolls of teleportation
 i - 8 scrolls of remove curse
 u - 2 scrolls of immolation
Potions
 c - a potion of brilliance
 g - 2 potions of magic
 k - 4 potions of heal wounds
 n - a potion of resistance
 o - a potion of mutation {unknown}
 r - 3 potions of curing
 s - a potion of haste {unknown}
 t - a potion of lignification {unknown}


   Skills:
 + Level 4.2 Fighting
 - Level 1.7 Dodging
 - Level 1.7 Stealth
 * Level 5.9 Spellcasting
 - Level 3.0 Conjurations
 - Level 3.0 Summonings
 * Level 7.3 Ice Magic


You had 6 spell levels left.
You knew the following spells:

 Your Spells              Type           Power        Failure   Level
a - Freeze                Ice            ####         1%          1
b - Frozen Ramparts       Ice            #####.       1%          3
c - Hailstorm             Conj/Ice       ####....     11%         4
d - Summon Ice Beast      Ice/Summ       ####....     11%         4

Your spell library contained the following spells:

 Spells                   Type           Power        Failure   Level
 Ozocubu's Armour         Ice            #####...     1%          3
 Animate Skeleton         Necr           #.....       9%          1
 Pain                     Necr           #...         9%          1
 Gell's Gravitas          Tloc           #.........   26%         3
 Lesser Beckoning         Tloc           #.........   26%         3
 Passage of Golubria      Tloc           N/A          65%         4
 Disjunction              Tloc           #.........   100%        8


Dungeon Overview and Level Annotations

Branches:
Dungeon (7/15)             Temple (0/1) D:6

Annotations:
D:5 Grinder
D:7 3 runed translucent doors, Graouh's ghost, novice MiFi


Innate Abilities, Weirdness & Mutations

You have an increased reservoir of magic. (+10% MP)


Message History

You open the door.
There is an open door here.
There is an open door here.
You open the door.
Things that are here:
a +0 dagger; an orc corpse You see here a leather armour.
Found a fizzy dark potion.
o - a fizzy dark potion You see here an arrow.
You see here an arrow.
You see here 2 arrows.
Found 12 poisoned darts.
Okay, then.
You see here 12 poisoned darts.
A hornet zombie comes into view.
A hornet zombie is nearby!
A hornet zombie is nearby!
You hit the hornet zombie. You burn the hornet zombie.
The hornet zombie closely misses you.
The hornet zombie completely misses you.
You barely miss the hornet zombie. The hornet zombie hits you.
You closely miss the hornet zombie. The hornet zombie misses you. x2
You hit the hornet zombie but do no damage.
The hornet zombie hits you!
You hit the hornet zombie. You burn the hornet zombie.
The hornet zombie barely misses you. The hornet zombie hits you.
You barely miss the hornet zombie.
The hornet zombie completely misses you.
You barely miss the hornet zombie. The hornet zombie hits you.
You closely miss the hornet zombie. The hornet zombie closely misses you.
The hornet zombie hits you!
You hit the hornet zombie but do no damage.
The hornet zombie hits you but does no damage.
You hit the hornet zombie but do no damage.
The hornet zombie hits you!
* * * LOW HITPOINT WARNING * * *
The hornet zombie hits you!
* * * LOW HITPOINT WARNING * * *
You see here an arrow.
Things that are here:
a +0 leather armour; a +0 dagger The hornet zombie hits you!
* * * LOW HITPOINT WARNING * * *
There is a stone staircase leading up, spattered with blood here.
You see here 2 arrows.
Things that are here:
12 arrows; a +0 shortbow; a +0 leather armour A chill wind blows around you.
The hornet zombie hits you!
You die...

.##........................#.#
.###.....................#.#.#
#######.................##.#.#
#######............>.........#
§§§○§##...............####.###
§○°☼§###.......(.....## #(#
§.☼§.# #......Y([#.### #.#
§☼○.§# ##...##..Z#.# #.#
§§○○§###....##.#@#.#######.#
#######...#.##.#(#.........#
.....8###.#.##.#.###########
#########?#.##.#(.......
.§§§○##........#.#######
○§§.○##.########## .○°○§##.#
§.☼§§##.# §§○§☼##.#


You could see a hornet zombie and a friendly ice beast (summoned).

Vanquished Creatures
  Pikel (D:5)
  A hippogriff (D:7)
  An orc warrior (D:6)
  A phantom (D:5)
  2 centaurs (D:7)
  3 lemures (D:5)
  A bullfrog (D:6)
  A scorpion (D:7)
  4 killer bees (D:7)
  A howler monkey (D:6)
  A jelly (D:5)
  Crazy Yiuf (D:3)
  A hound (D:7)
  3 orc wizards
  3 orc priests
  2 bullfrog skeletons (D:5)
  4 worker ants
  2 hound skeletons (D:6)
  4 gnolls (D:2)
  6 adders
  A shadow imp (D:6)
  3 white imps
  An ufetubus (D:6)
  2 oozes (D:1)
  2 adder skeletons
  2 worms (D:2)
  2 dart slugs (D:1)
  5 leopard geckos
  19 orcs
  A ball python (D:5)
  3 giant cockroaches
  10 hobgoblins
  14 jackals
  3 quokkas
  9 bats
  9 frilled lizards
  8 goblins
  11 kobolds
  A leopard gecko skeleton (D:6)
  A quokka skeleton (D:5)
  13 rats
163 creatures vanquished.

Vanquished Creatures (collateral kills)
  An ice beast (D:6)
  A bullfrog (D:7)
  A wyvern skeleton (D:6)
  A bullfrog zombie (D:7)
  A hound zombie (D:7)
5 creatures vanquished.

Grand Total: 168 creatures vanquished

Notes
Turn   | Place    | Note
-------+----------+-------------------------------------------
     0 | D:1      | vurker the Demigod Ice Elementalist began the quest for the
                  | Orb.
     0 | D:1      | Reached XP level 1. HP: 14/14 MP: 5/5
   473 | D:1      | Reached XP level 2. HP: 10/22 MP: 0/7
  1025 | D:1      | Reached skill level 4 in Ice Magic
  1341 | D:1      | Reached XP level 3. HP: 26/27 MP: 7/9
  1388 | D:1      | Learned a level 3 spell: Frozen Ramparts
  1451 | D:1      | Reached skill level 1 in Fighting
  2406 | D:2      | Reached XP level 4. HP: 30/35 MP: 7/11
  3230 | D:3      | Learned a level 4 spell: Hailstorm
  3560 | D:2      | Found an iron altar of Okawaru.
  3613 | D:3      | Reached XP level 5. HP: 34/41 MP: 3/12
  3971 | D:3      | Reached skill level 1 in Conjurations
  4453 | D:3      | Found a runed translucent door.
  4454 | D:3      | Noticed Crazy Yiuf
  4791 | D:3      | Killed Crazy Yiuf
  5708 | D:5      | Entered Level 5 of the Dungeon
  5725 | D:5      | Reached skill level 5 in Ice Magic
  5725 | D:5      | Reached XP level 6. HP: 11/48 MP: 4/14
  6004 | D:5      | Learned a level 4 spell: Summon Ice Beast
  6047 | D:5      | Noticed Pikel
  6067 | D:5      | Killed Pikel
  6067 | D:5      | Reached skill level 1 in Summonings
  6067 | D:5      | Reached XP level 7. HP: 36/56 MP: 7/16
  6430 | D:5      | Found a glowing silver altar of Zin.
  7337 | D:5      | Noticed Grinder
  7529 | D:6      | Reached skill level 6 in Ice Magic
  7601 | D:6      | Reached XP level 8. HP: 61/63 MP: 12/18
  7966 | D:6      | Found an ornate altar of the Wu Jian Council.
  8214 | D:6      | Found a staircase to the Ecumenical Temple.
  8289 | D:6      | Identified the Volume of Orientation and Stolen Souls
  8426 | D:6      | Reached skill level 5 in Spellcasting
  8941 | D:7      | Reached skill level 7 in Ice Magic
  9398 | D:7      | Found a sparkling altar of Nemelex Xobeh.
  9432 | D:7      | Found a runed translucent gate.
  9432 | D:7      | Found a runed translucent gate.
  9432 | D:7      | Found a runed translucent gate.
  9432 | D:7      | Noticed Graouh's ghost (novice MiFi)
  9460 | D:7      | Noticed a hippogriff
  9485 | D:7      | Killed a hippogriff
  9729 | D:7      | Slain by a hornet zombie

Illustrated notes

Levels and vault maps discovered:
D:1:      dpeg_arrival_brainrot, layout_basic, minmay_box_of_dots
D:2:      lemuel_upstairs_altar, layout_loops_ring
D:3:      layout_loops_corners, uniq_crazy_yiuf_cottage
D:4:      layout_cave_pods, minmay_misc_feat_nine_boxes
D:5:      layout_basic, lemuel_coloured_pillars_altar, zin_statuary, uniq_pikel,
          uniq_grinder, uniq_sigmund
D:6:      layout_basic, lemuel_round_altar, minmay_temple_entry_nine_rooms
D:7:      layout_basic, nemelex_altar_shiori, ebering_ghost_rock_garden,
          lightli_orcish_oven

Skill      XL: |  1  2  3  4  5  6  7  8 |
---------------+-------------------------+-----
Spellcasting   | 2 3 4 5 |  5.9
Ice Magic      | 4 5 6 7 |  7.3
Fighting       | 1 2 3 4 |  4.2
Conjurations   | 1 2 3 |  3.0
Summonings     | 1 3 |  3.0
Dodging        | |  1.7
Stealth        | |  1.7

Action                   |  1- 3 |  4- 6 |  7- 9 || total
-------------------------+-------+-------+-------++-------
Melee: Unarmed           |     8 |       |       ||     8
       Short sword       |     7 |    46 |     2 ||    55
       Whip              |       |       |    74 ||    74
 Cast: Freeze            |    56 |    54 |    25 ||   135
       Frozen Ramparts   |     4 |    23 |    21 ||    48
       Summon Ice Beast  |       |       |     9 ||     9
       Hailstorm         |       |       |     2 ||     2
  Use: Scroll            |       |     6 |     8 ||    14
 Stab: Sleeping          |     2 |     1 |     3 ||     6
Armor: Robe              |    11 |    18 |    20 ||    49
Dodge: Dodged            |    42 |    54 |    90 ||   186

Table legend: (Time is in decaauts)
 A = Elapsed time spent in this place.
 B = Non-inter-level travel time spent in this place.
 C = Inter-level travel time spent in this place.
 D = Time resting spent in this place.
 E = Time spent auto-exploring this place.
 F = Levels seen in this place.
 G = Mean time per level.
                   A        B        C        D        E       F      G
               +--------+--------+--------+--------+--------+-----+--------+
         Total |   9747 |   9428 |    319 |    798 |   7316 |   7 | 1392.4 |
       Dungeon |   9747 |   9428 |    319 |    798 |   7316 |   7 | 1392.4 |
               +--------+--------+--------+--------+--------+-----+--------+

Top non-repeatable levels by time:
     D:1: 1944 daAuts
     D:6: 1545 daAuts
     D:2: 1477 daAuts
     D:3: 1475 daAuts
     D:5: 1416 daAuts
     D:4: 1153 daAuts
     D:7: 735 daAuts
